 Dungeon Crawl Stone Soup version 0.29.1-2-gbd0b4ee654 (webtiles) character file.

Game seed: 11061680849365886215

500 qeuew the Poker (level 7, 0/54 HPs)
             Began as a Merfolk Gladiator on Nov 9, 2022.
             Was an Initiate of Gozag.
             Slain by an ogre
             ... wielding a +0 giant club
              (27 damage)
             ... on level 4 of the Dungeon.
             The game lasted 00:05:04 (2918 turns).

qeuew the Poker (Merfolk Gladiator)                 Turns: 2918, Time: 00:05:05

Health: 0/54       AC:  9    Str: 17    XL:     7   Next: 16%
Magic:  7/7        EV: 14    Int:  7    God:    Gozag
Gold:   139        SH:  5    Dex: 15    Spells: 6/6 levels left

rFire   . . .      SeeInvis .   l - +0 scythe
rCold   . . .      Faith    .   (shield currently unavailable)
rNeg    . . .      Spirit   .   b - +0 leather armour
rPois   .          Reflect  +   c - +1 helmet
rElec   .          Harm     .   (no cloak)
rCorr   .          Rampage  .   (no gloves)
Will    .....                   (no boots)
Stlth   +.........              g - amulet of reflection
HPRegen 0.18/turn               q - +4 ring of protection
MPRegen 0.10/turn               (no ring)

@: no status effects
A: (nimble swimmer 2), mertail
a: Renounce Religion, Potion Petition, Call Merchant, Bribe Branch


You were on level 4 of the Dungeon.
You worshipped Gozag.
Gozag was aware of your devotion.
You visited 1 branch of the dungeon, and saw 4 of its levels.

You collected 166 gold pieces.
You paid 27 gold pieces to Gozag.

Inventory:

Hand Weapons
 a - a +1 trident
 l - a +0 scythe (weapon)
Missiles
 d - 3 throwing nets (quivered)
 e - a javelin
Armour
 b - a +0 leather armour (worn)
 c - a +1 helmet (worn)
Jewellery
 g - an amulet of reflection (around neck)
 q - a +4 ring of protection (left hand)
Wands
 k - a wand of roots (13)
Scrolls
 i - a scroll of enchant armour
 j - a scroll of enchant weapon
 n - 3 scrolls of teleportation
 o - a scroll of brand weapon
Potions
 h - a potion of magic
 m - a potion of curing


   Skills:
 + Level 4.2 Fighting
 + Level 5.8 Polearms
 + Level 3.7 Throwing
 + Level 2.1 Armour
 + Level 5.8 Dodging


You had 6 spell levels left.
You didn't know any spells.
Your spell library contained the following spells:

 Spells                   Type           Power      Damage    Failure   Level
 Apportation              Tloc           0%         N/A       50%         1
 Necrotise                Necr           0%         1d4       50%         1
 Summon Small Mammal      Summ           0%         N/A       50%         1
 Ensorcelled Hibernation  Hex/Ice        0%         N/A       63%         2
 Spider Form              Tmut/Pois      0%         N/A       86%         3
 Anguish                  Hex/Necr       0%         N/A       99%         4


Dungeon Overview and Level Annotations

Branches:
Dungeon (4/15)
 Temple: D:4-7

Altars:
Gozag

Annotations:
D:3 2 transporters, qeuew's ghost, amateur DsFi


Innate Abilities, Weirdness & Mutations

((You are very nimble when in or above water. (Stealth+, EV+, Speed+++)))
Your lower body shifts to a powerful aquatic tail in water.


Message History

You closely miss the scorpion. The hobgoblin misses you.
The ogre completely misses you. The scorpion completely misses you.
You puncture the scorpion!
The scorpion is heavily wounded.
You hear the slow rusting of a distant drain.
The scorpion closely misses you. The hobgoblin closely misses you.
The dart slug briefly extends its eye-stalks.
The ogre barely misses you. The scorpion misses you. The hobgoblin misses you.
You barely miss the scorpion.
The scorpion is heavily wounded.
The scorpion stings you. The hobgoblin closely misses you.
The ogre completely misses you.
You puncture the scorpion!
You kill the scorpion!
The hobgoblin completely misses you.
You barely miss the ogre. You block the ogre's attack. The hobgoblin hits you.
The dart slug closely misses you.
You slash the ogre!
The ogre is heavily wounded.
The hobgoblin closely misses you. You block the ogre's attack.
The dart slug barely misses you.
You barely miss the ogre.
The ogre is heavily wounded.
The hobgoblin hits you but does no damage.
The ogre barely misses you. You block the hobgoblin's attack.
You barely miss the ogre.
The ogre is heavily wounded.
The dart slug launches a dart at you. The slug dart misses you.
The hobgoblin barely misses you. The ogre hits you with a +0 giant club!
There are monsters nearby!
You barely miss the ogre.
The ogre is heavily wounded.
You block the hobgoblin's attack. The dart slug launches a dart at you.
The slug dart misses you.
The ogre hits you with a +0 giant club!!
Ouch! That really hurt!
You die...
Your body crumbles into a pile of gold.

#.......####....
#............#
#........##### .
$ #.........# ..
.....##.##.##
... ..#.##
#.##..# .... .
..
#.###.#####..#
.. #.#
#..#$w...### ..
#...@gw....#
........$O.....#
#.#.#..........#
#.#........... .
#........... .
#..........# ..
#..........#
............


You could see an ogre, a worm, a dart slug and a hobgoblin.

Vanquished Creatures
  Sigmund (D:3)
  Menkaure (D:4)
  A scorpion (D:4)
  A jelly (D:4)
  5 adders
  3 worms (D:2)
  2 dart slugs
  An orc (D:3)
  5 bats
  6 endoplasms
  3 giant cockroaches (D:3)
  6 hobgoblins
  3 quokkas
  9 ball pythons
  3 frilled lizards
  7 goblins
  5 kobolds
  5 rats
67 creatures vanquished.

Notes
Turn   | Place    | Note
-------+----------+-------------------------------------------
     0 | D:1      | qeuew the Merfolk Gladiator began the quest for the Orb.
     0 | D:1      | Reached XP level 1. HP: 16/16 MP: 1/1
   102 | D:1      | Reached XP level 2. HP: 23/23 MP: 2/2
   988 | D:2      | Reached XP level 3. HP: 22/28 MP: 3/3
  1287 | D:2      | Reached XP level 4. HP: 34/34 MP: 4/4
  1519 | D:2      | Reached skill level 1 in Armour
  1565 | D:2      | Found a faded altar of an unknown god.
  2106 | D:3      | Noticed Sigmund
  2137 | D:3      | Killed Sigmund
  2138 | D:3      | Reached skill level 5 in Polearms
  2138 | D:3      | Reached skill level 5 in Dodging
  2138 | D:3      | Reached XP level 5. HP: 19/42 MP: 5/5
  2138 | D:3      | Reached XP level 6. HP: 22/48 MP: 6/6
  2420 | D:3      | Found an opulent altar of Gozag.
  2426 | D:3      | Became a worshipper of Gozag Ym Sagoz the Greedy
  2511 | D:3      | Found a transporter.
  2511 | D:3      | Noticed qeuew's ghost (amateur DsFi)
  2572 | D:3      | Found a transporter.
  2862 | D:4      | Noticed Menkaure
  2866 | D:4      | Killed Menkaure
  2867 | D:4      | Reached XP level 7. HP: 54/54 MP: 7/7
  2918 | D:4      | Slain by an ogre

Illustrated notes

Levels and vault maps discovered:
D:1:      dpeg_arrival_simpleton_a, layout_loops_corners
D:2:      minmay_evil_eye, layout_loops_ring, ebering_ecumenical_altar_rust,
          minmay_hexomino_p4
D:3:      layout_basic, mainiacjoe_overflow_six_doors_small,
          gammafunk_ghost_arena, uniq_sigmund
D:4:      layout_rooms, gup_sewer_entry_bubbles, nzn_random_ring, uniq_menkaure

Skill      XL: |  1  2  3  4  5  6 |
---------------+-------------------+-----
Fighting       | 3 4 |  4.2
Armour         | 1 2 |  2.1
Polearms       | 5 |  5.8
Throwing       | 3 |  3.7
Dodging        | 5 |  5.8

Action                   |  1- 3 |  4- 6 |  7- 9 || total
-------------------------+-------+-------+-------++-------
Melee: Trident           |    68 |    93 |       ||   161
       Punch             |       |     1 |       ||     1
       Halberd           |       |    38 |    18 ||    56
  Use: Potion            |     5 |     4 |       ||     9
       Scroll            |     4 |     5 |       ||     9
 Stab: Sleeping          |     1 |       |       ||     1
       Distracted        |       |     1 |     1 ||     2
Armor: Leather armour    |    11 |    16 |     2 ||    29
Dodge: Dodged            |    23 |    66 |    27 ||   116
Block: Other             |    13 |    26 |     5 ||    44
       Reflection        |     2 |       |       ||     2
